 Dungeon Crawl Stone Soup version 0.31.0-9-g3a7656b989 (webtiles) character file.

Game seed: 8449523671218450411

640 qw the Ducker (level 7, -7/35 HPs)
             Began as a Spriggan Hunter on Feb 2, 2024.
             Mangled by Pikel
             ... wielding a +0 whip of electrocution
              (20 damage)
             ... on level 5 of the Dungeon.
             The game lasted 00:00:16 (3763 turns).

qw the Ducker (Spriggan Hunter)                     Turns: 3763, Time: 00:00:17

Health: -7/35      AC:  4    Str:  7    XL:     7   Next: 26%
Magic:  8/8        EV: 22    Int: 10    God:
Gold:   200        SH:  0    Dex: 21    Spells: 6/6 levels left

rFire   + . .        a - +1 shortbow
rCold   . . .        (shield currently unavailable)
rNeg    . . .        g - +2 robe {rF+}
rPois   .            (helmet restricted)
rElec   .            (no cloak)
rCorr   .            (gloves unavailable)
SInv    +            (boots unavailable)
Will    +....        (no amulet)
Stlth   ++           (no ring)
HPRegen 0.25/turn    (no ring)
MPRegen 0.11/turn

%: no passive effects
@: very quick
A: very small, no large weapons, unfitting armour, see invisible, speed 3
a: no special abilities


You were on level 5 of the Dungeon.
You visited 2 branches of the dungeon, and saw 6 of its levels.

You collected 200 gold pieces.


Innate Abilities, Weirdness & Mutations

You are very small and have problems with some larger weapons.
You are too small for most types of armour.
You have supernaturally acute eyesight. (SInv)
You cover ground extremely quickly. (Speed+++)


   Skills:
 - Level 2.2 Fighting
 + Level 7.0 Ranged Weapons
 - Level 7.1 Dodging
 - Level 1.5 Stealth


You had 6 spell levels left.
You didn't know any spells.
Your spell library was empty.

Inventory:

Hand Weapons
 a - a +1 shortbow (weapon)
Armour
 e - a +2 robe of willpower
 g - a +2 robe of fire resistance (worn)
Jewellery
 c - a ring of ice
Potions
 b - a potion of might
 d - a potion of heal wounds
 f - a potion of curing
 h - a potion of attraction {unknown}
 i - a potion of cancellation {unknown}

Dungeon Overview and Level Annotations

Branches:
Dungeon (5/15)             Temple (1/1) D:4

Altars:
Cheibriados
Dithmenos
Elyvilon
Fedhas
Gozag
Hepliaklqana
Kikubaaqudgha
Nemelex Xobeh
Qazlal
Ru
Sif Muna
Trog
Uskayaw
Vehumet
Wu Jian
Yredelemnul
Zin
The Shining One

Shops:
D:1 [

Annotations:
D:2 1 runed translucent door, Crazy Yiuf, Sigmund
D:3 3 runed translucent doors, qw's ghost, amateur DEHu
D:5 Pikel


Message History

You shoot an arrow. The arrow hits Pikel.
Pikel is lightly wounded.
You shoot an arrow. The arrow barely misses Pikel.
The arrow hits the lemure but does no damage.
The lemure is lightly wounded.
Pikel barely misses you.
You shoot an arrow. The arrow hits Pikel.
Pikel is moderately wounded.
Pikel closely misses you.
You shoot an arrow. The arrow barely misses Pikel.
The arrow closely misses the lemure.
Pikel barely misses you.
You shoot an arrow.
The arrow hits Pikel but does no damage.
Pikel is moderately wounded.
Pikel hits you but does no damage.
You are electrocuted!!
Ouch! That really hurt!
You shoot an arrow. The arrow hits Pikel.
Pikel is heavily wounded.
Pikel completely misses you.
You shoot an arrow. The arrow hits Pikel!
Pikel is severely wounded.
Pikel completely misses you.
You shoot an arrow. The arrow hits Pikel!
Pikel is almost dead.
Pikel hits you with a +0 whip of electrocution!
3761 ||| DRINKING 2 potions of heal wounds.
You feel much better.
Pikel hits you with a +0 whip of electrocution!
You shoot an arrow.
The arrow hits Pikel but does no damage.
Pikel is almost dead.
Pikel misses you.
You shoot an arrow. The arrow barely misses Pikel.
The arrow barely misses the lemure.
Pikel hits you with a +0 whip of electrocution.
You are electrocuted!!
Ouch! That really hurt!
You die...
Pikel says, "Another soul for the market."

### # ..# 5K ..########
###.#
(.#......#########5...#
..'%............@K5..>#
..#......#########5...#
..#......# ### ###.#
###......# #?. ..
######## #.# ) #^# #.#
#.# #.#


You could see Pikel and 3 lemures.

Vanquished Creatures
  Menkaure (D:4)
  A phantom (D:4)
  Blork the orc (D:4)
  A scorpion (D:4)
  A bombardier beetle (D:5)
  An orc priest (D:3)
  Jessica (D:2)
  2 orc wizards (D:5)
  Robin (D:4)
  A gnoll (D:1)
  4 adders
  3 dart slugs
  A ribbon worm (D:2)
  16 orcs
  3 ball pythons
  4 bats
  6 endoplasms
  4 giant cockroaches
  16 goblins
  7 hobgoblins
  7 jackals (D:2)
  6 kobolds
  4 quokkas
  3 frilled lizards (D:1)
  5 rats
100 creatures vanquished.

Notes
Turn   | Place    | Note
-------+----------+-------------------------------------------
     0 | D:1      | qw the Spriggan Hunter began the quest for the Orb.
     0 | D:1      | Reached XP level 1. HP: 10/10 MP: 2/2
     0 | D:1      | 0 ||| qw: Version: 0.3-a-155-g5e7d8dd
     0 | D:1      | 0 ||| qw: Game counter: 1332
     0 | D:1      | 0 ||| qw: Melee chars always use a shield: true
     0 | D:1      | 0 ||| qw: God list: Okawaru
     0 | D:1      | 0 ||| qw: Allow faded altars: false
     0 | D:1      | 0 ||| qw: Do Orc after clearing Dungeon:15 true
     0 | D:1      | 0 ||| qw: Do second Lair branch before Depths: true
     0 | D:1      | 0 ||| qw: Lair rune preference: random
     0 | D:1      | 0 ||| qw: Goals: Normal
     0 | D:1      | 0 ||| PLANNING D:1-11
    26 | D:1      | Reached skill level 3 in Dodging
   104 | D:1      | Reached XP level 2. HP: 14/14 MP: 3/3
   175 | D:1      | Found Rayfaz's Armour Emporium.
   666 | D:1      | 666 ||| DROPPING ring of flight.
   667 | D:1      | 667 ||| READING 2 scrolls labelled FATZUY BYRAHE.
   668 | D:1      | 668 ||| READING scroll labelled TIOSET ITRAKK.
   669 | D:1      | 669 ||| DROPPING scroll of butterflies.
   670 | D:1      | 670 ||| DROPPING scroll of noise.
   981 | D:2      | Reached XP level 3. HP: 18/18 MP: 4/4
  1049 | D:2      | Found a stormy altar of Qazlal.
  1055 | D:2      | Noticed Jessica
  1059 | D:2      | Killed Jessica
  1099 | D:2      | 1099 ||| FLEEEEING.
  1100 | D:2      | 1100 ||| FLEEEEING.
  1102 | D:2      | 1102 ||| FLEEEEING.
  1104 | D:2      | 1104 ||| FLEEEEING.
  1106 | D:2      | 1106 ||| FLEEEEING.
  1108 | D:2      | 1108 ||| FLEEEEING.
  1110 | D:2      | 1110 ||| FLEEEEING.
  1111 | D:2      | 1111 ||| FLEEEEING.
  1113 | D:2      | 1113 ||| FLEEEEING.
  1115 | D:2      | 1115 ||| FLEEEEING.
  1118 | D:2      | Reached XP level 4. HP: 21/22 MP: 5/5
  1269 | D:2      | Found a runed translucent door.
  1269 | D:2      | Noticed Sigmund
  1270 | D:2      | Noticed Crazy Yiuf
  1471 | D:2      | 1471 ||| UPGRADING to +2 robe of fire resistance.
  1481 | D:2      | 1481 ||| DROPPING +0 robe.
  1482 | D:2      | 1482 ||| READING 3 scrolls of identify.
  1482 | D:2      | 1482 ||| IDENTIFYING murky cyan potion
  1483 | D:2      | 1483 ||| READING 2 scrolls of identify.
  1483 | D:2      | 1483 ||| IDENTIFYING golden potion
  1484 | D:2      | 1484 ||| READING scroll of identify.
  1484 | D:2      | 1484 ||| IDENTIFYING 2 fuming sapphire potions
  1485 | D:2      | 1485 ||| READING scroll labelled SELUMAEPERCH.
  1486 | D:2      | 1486 ||| READING scroll labelled JINOACL IGUPS.
  1486 | D:2      | 1486 ||| ENCHANTING +0 shortbow.
  1487 | D:2      | 1487 ||| READING scroll labelled DUGUBR NICIU.
  1488 | D:2      | 1488 ||| DROPPING potion of invisibility.
  1555 | D:3      | Found a runed translucent gate.
  1556 | D:3      | Found a runed translucent gate.
  1557 | D:3      | Found a runed translucent gate.
  1557 | D:3      | Noticed qw's ghost (amateur DEHu)
  1721 | D:3      | Reached XP level 5. HP: 15/26 MP: 6/6
  2229 | D:3      | 2229 ||| READING scroll labelled OCSEUN HEOZUP.
  2229 | D:3      | 2229 ||| ENCHANTING +0 shortbow.
  2230 | D:3      | 2230 ||| READING scroll labelled NAPPIZXUBA.
  2231 | D:3      | 2231 ||| READING scroll labelled RYRRAZ LASSUEFUDGH.
  2333 | D:4      | Noticed a phantom
  2341 | D:4      | Killed a phantom
  2342 | D:4      | Reached skill level 6 in Ranged Weapons
  2537 | D:4      | Reached XP level 6. HP: 30/30 MP: 7/7
  3011 | D:4      | Noticed Menkaure
  3019 | D:4      | Killed Menkaure
  3062 | D:4      | Found a staircase to the Ecumenical Temple.
  3063 | D:4      | 3063 ||| PLANNING TEMPLE
  3063 | D:4      | 3063 ||| READING 2 scrolls of identify.
  3063 | D:4      | 3063 ||| IDENTIFYING orange potion
  3064 | D:4      | 3064 ||| READING scroll of identify.
  3064 | D:4      | 3064 ||| IDENTIFYING lumpy inky potion
  3065 | D:4      | 3065 ||| DROPPING potion of berserk rage.
  3074 | Temple   | Entered the Ecumenical Temple
  3075 | Temple   | 3075 ||| PLANNING D:1-11
  3152 | D:4      | Noticed Blork the orc
  3161 | D:4      | Killed Blork the orc
  3162 | D:4      | Reached XP level 7. HP: 33/35 MP: 8/8
  3184 | D:4      | Noticed Robin
  3201 | D:4      | Killed Robin
  3516 | D:5      | Entered Level 5 of the Dungeon
  3743 | D:5      | Noticed Pikel
  3743 | D:5      | 3743 ||| RETREEEEATING.
  3760 | D:5      | HP: 2/35 [Pikel/+0 whip of electrocution (11)]
  3761 | D:5      | 3761 ||| DRINKING 2 potions of heal wounds.
  3763 | D:5      | Mangled by Pikel

Levels and vault maps discovered:
D:1:      matt_arrival_los_fun, layout_basic, serial_shops, shop, serial_forest,
          infiniplex_forest_clump_cross, infiniplex_forest_corner_1,
          infiniplex_forest_end_double, infiniplex_forest_clump_diagonal,
          infiniplex_forest_end_2, infiniplex_forest_clump_double,
          infiniplex_forest_clump_tiny
D:2:      layout_basic, basic_altar, kennysheep_minor_cross,
          uniq_crazy_yiuf_cottage, uniq_jessica, uniq_sigmund
D:3:      layout_basic, biasface_ghost_orc_armoury
D:4:      layout_layer_cave, minmay_temple_entry_trees, uniq_blork_the_orc,
          uniq_menkaure, uniq_robin
D:5:      layout_basic, uniq_pikel
Temple:   mainiacjoe_temple_coin_purse

Skill      XL: |  1  2  3  4  5  6  7 |
---------------+----------------------+-----
Dodging        | 3 4 5 7 |  7.1
Ranged Weapons | 5 6 7 |  7.0
Fighting       | 2 |  2.2
Stealth        | |  1.5

Action                     |  1- 3 |  4- 6 |  7- 9 || total
---------------------------+-------+-------+-------++-------
   Fire: Shortbow          |    80 |   152 |    89 ||   321
    Use: Scroll            |     2 |    11 |       ||    13
         Potion            |       |       |     1 ||     1
 Armour: Robe              |     3 |    11 |    21 ||    35
  Dodge: Dodged            |    12 |    31 |    57 ||   100

Table legend:
 A = Non-vault XP
 B = Vault XP
 C = Vault XP percentage of total XP
 D = Non-vault monster count
 E = Vault monster count
 F = Vault count percentage of total count
                 A         B        C        D         E       F
            +---------+---------+-------+---------+---------+-------
      Total |     575 |     340 |  37.2 |      85 |      15 |  15.0
            +---------+---------+-------+---------+---------+-------
        D:1 |      35 |       0 |   0.0 |      14 |       0 |   0.0
        D:2 |      56 |      37 |  39.8 |      22 |       1 |   4.3
        D:3 |     117 |       0 |   0.0 |      25 |       0 |   0.0
        D:4 |     235 |     303 |  56.3 |      16 |      14 |  46.7
        D:5 |     132 |       0 |   0.0 |       8 |       0 |   0.0
            +---------+---------+-------+---------+---------+-------
